 Dungeon Crawl Stone Soup version 0.28-a0-1404-g4df0f3684d (webtiles) character file.

Game seed: 3514225923089981360

31 ryw the Shooter (level 3, -1/20 HPs)
             Began as a Deep Elf Arcane Marksman on Jan 6, 2022.
             Slain by Sigmund (9 damage)
             ... on level 2 of the Dungeon.
             The game lasted 00:02:26 (1769 turns).

ryw the Shooter (Deep Elf Arcane Marksman)          Turns: 1769, Time: 00:02:27

Health: -1/20      AC:  2    Str:  7    XL:     3   Next: 7%
Magic:  7/7        EV: 12    Int: 19    God:
Gold:   44         SH:  0    Dex: 15    Spells: 4/5 levels left

rFire   . . .      SeeInvis .   g - +0 whip (flame)
rCold   . . .      Faith    .   (no shield)
rNeg    . . .      Spirit   .   d - +0 robe
rPois   .          Reflect  .   (no helmet)
rElec   .          Harm     .   (no cloak)
rCorr   .          Rampage  .   (no gloves)
Will    .....                   (no boots)
Stlth   +.........              (no amulet)
HPRegen 0.06/turn               (no ring)
MPRegen 0.10/turn               (no ring)

@: confused
A: no striking features
a: no special abilities


You were on level 2 of the Dungeon.
You visited 1 branch of the dungeon, and saw 2 of its levels.

You collected 44 gold pieces.

Inventory:

Hand Weapons
 a - a +0 shortbow
 g - a +0 whip of flaming (weapon)
 i - a +0 club
Missiles
 c - 35 arrows
 j - 5 atropa-tipped darts (quivered)
Armour
 d - a +0 robe (worn)
Jewellery
 l - an amulet of guardian spirit
Scrolls
 b - a scroll of identify {unknown}
 e - a scroll of noise {unknown}
 m - a scroll of magic mapping
Potions
 f - a potion of mutation {unknown}
 h - a potion of magic {unknown}
 k - a potion of cancellation {unknown}


   Skills:
 - Level 0.7 Fighting
 + Level 0.2 Maces & Flails
 + Level 4.4 Bows
 - Level 2.4 Dodging
 + Level 1.1 Stealth
 - Level 1.5 Spellcasting
 - Level 4.0 Hexes


You had 4 spell levels left.
You knew the following spells:

 Your Spells              Type           Power      Damage    Failure   Level
a - Slow                  Hex            64%        N/A       3%          1

Your spell library contained the following spells:

 Spells                   Type           Power      Damage    Failure   Level
 Inner Flame              Hex/Fire       9%         N/A       24%         3
 Portal Projectile        Hex/Tloc       18%        N/A       24%         3
 Cause Fear               Hex            8%         N/A       34%         4


Dungeon Overview and Level Annotations

Branches:
Dungeon (2/15)

Altars:

Shops:
D:2 (

Annotations:
D:2 Sigmund


Message History

Sigmund is lightly wounded.
The bat hits you but does no damage.
You closely miss Sigmund.
Sigmund is lightly wounded.
Sigmund casts a spell at you.
You are confused.
The bat hits you.
You barely miss Sigmund.
Sigmund is lightly wounded.
The bat barely misses you. Sigmund hits you with a +0 scythe.
You closely miss Sigmund.
Sigmund is lightly wounded.
The bat closely misses you. Sigmund barely misses you. The bat hits you.
The bat barely misses you.
You hit the bat. You burn the bat.
You kill the bat!
Sigmund closely misses you. Sigmund barely misses you.
You bump into the rock wall.
Sigmund casts a spell at you.
You are more confused.
You completely miss Sigmund.
Sigmund is lightly wounded.
Sigmund casts a spell at you.
You are more confused.
Unknown command.
You barely miss Sigmund.
Sigmund is lightly wounded.
Sigmund hits you with a +0 scythe.
You bump into the rock wall.
Unknown command.
You hit Sigmund. You burn Sigmund.
Sigmund is lightly wounded.
Sigmund gestures wildly while chanting.
Sigmund flickers and vanishes!
Deactivating autopickup; reactivate with Ctrl-A.
Unknown command.
Something hits you!
You closely miss something. Something hits you!
You die...

#.# #.# #.#
#.####### ##
......... ..
..######. #.
..# #.# .##
#.# ##########
.# # #.#
#@{....... ##
#.
#.####!.######
######
#.##......∩#
.....#
#..#..###.##
.....####.#..#
###
.............#
.....####.#.##
.....#
#.#.########
.#.###
#...........


There were no monsters in sight!

Vanquished Creatures
  6 ball pythons
  3 endoplasms
  A giant cockroach (D:1)
  3 goblins (D:1)
  A hobgoblin (D:2)
  A quokka (D:1)
  5 bats
  4 frilled lizards (D:1)
  6 kobolds
  A rat (D:1)
31 creatures vanquished.

Vanquished Creatures (others)
  A plant (D:1)
1 creature vanquished.

Grand Total: 32 creatures vanquished

Notes
Turn   | Place    | Note
-------+----------+-------------------------------------------
     0 | D:1      | ryw the Deep Elf Arcane Marksman began the quest for the
                  | Orb.
     0 | D:1      | Reached XP level 1. HP: 11/11 MP: 5/5
   354 | D:1      | Reached XP level 2. HP: 12/16 MP: 6/6
   676 | D:1      | Found a faded altar of an unknown god.
  1526 | D:2      | Reached skill level 1 in Stealth
  1537 | D:2      | Reached XP level 3. HP: 19/20 MP: 7/7
  1748 | D:2      | Found Xaihatant's Weapon Boutique.
  1751 | D:2      | Noticed Sigmund
  1769 | D:2      | Slain by Sigmund

Illustrated notes

Levels and vault maps discovered:
D:1:      shiori_shiawase, layout_basic, shapermc_ecumenical_altar_gd,
          chequers_serial_rivers_micro_e
D:2:      layout_loops_ring, serial_shops, shop, grunt_decor_arrowhead,
          minmay_misc_feat_columns, uniq_sigmund, uniq_crazy_yiuf_cottage

Skill      XL: |  1  2 |
---------------+-------+-----
Bows           | 3 4 |  4.4
Stealth        | 1 |  1.1
Fighting       | |  0.7
Maces & Flails | |  0.2
Dodging        | |  2.4
Spellcasting   | |  1.5
Hexes          | |  4.0

Action                   || total
-------------------------++-------
Melee: Whip              ||    78
       Punch             ||     2
 Fire: Shortbow          ||     4
  Use: Scroll            ||     4
 Stab: Sleeping          ||     3
Armor: Robe              ||    32
Dodge: Dodged            ||    66

Table legend: (Time is in decaauts)
 A = Elapsed time spent in this place.
 B = Non-inter-level travel time spent in this place.
 C = Inter-level travel time spent in this place.
 D = Time resting spent in this place.
 E = Time spent auto-exploring this place.
 F = Levels seen in this place.
 G = Mean time per level.
                   A        B        C        D        E       F      G
               +--------+--------+--------+--------+--------+-----+--------+
         Total |   1776 |   1755 |     21 |    388 |   1108 |   2 |  888.0 |
       Dungeon |   1776 |   1755 |     21 |    388 |   1108 |   2 |  888.0 |
               +--------+--------+--------+--------+--------+-----+--------+

Top non-repeatable levels by time:
     D:1: 1491 daAuts
     D:2: 284 daAuts
